 Dungeon Crawl Stone Soup version 0.28.0-53-g5a82cb258f (webtiles) character file.

Game seed: 13444940822946403272

641 Peloso the Slasher (level 7, 0/62 HPs)
             Began as a Minotaur Fighter on June 24, 2022.
             Slain by Eustachio
             ... wielding a +1 rapier of venom
              (8 damage)
             ... on level 4 of the Dungeon.
             The game lasted 00:06:49 (5403 turns).

Peloso the Slasher (Minotaur Fighter)               Turns: 5403, Time: 00:06:49

Health: 0/62       AC: 10    Str: 21    XL:     7   Next: 26%
Magic:  6/6        EV:  7    Int:  5    God:
Gold:   201        SH:  5    Dex: 11    Spells: 6/6 levels left

rFire   . . .      SeeInvis .   a - +0 long sword
rCold   . . .      Faith    .   c - +0 buckler
rNeg    . . .      Spirit   .   h - +0 chain mail
rPois   .          Reflect  .   (helmet restricted)
rElec   .          Harm     .   (no cloak)
rCorr   .          Rampage  .   (no gloves)
Will    +....                   (no boots)
Stlth   ..........              (no amulet)
HPRegen 0.20/turn               f - ring of willpower
MPRegen 0.10/turn               (no ring)

@: lethally poisoned (0 -> -22)
A: horns 2, retaliatory headbutt
a: no special abilities


You were on level 4 of the Dungeon.
You visited 1 branch of the dungeon, and saw 5 of its levels.

You collected 201 gold pieces.

Inventory:

Hand Weapons
 a - a +0 long sword (weapon)
Missiles
 l - a throwing net (quivered)
Armour
 b - a +0 scale mail
 c - a +0 buckler (worn)
 h - a +0 chain mail (worn)
Jewellery
 f - a ring of willpower (left hand)
 i - a ring of wizardry
Scrolls
 e - a scroll of teleportation {unknown}
 g - 6 scrolls of identify {unknown}
 k - a scroll of vulnerability {unknown}
 m - a scroll of immolation {unknown}
 n - a scroll of acquirement {unknown}
 o - a scroll of blinking {unknown}
 p - a scroll of silence {unknown}
 s - a scroll of noise {unknown}
Potions
 d - 2 potions of might
 j - a potion of attraction {unknown}
 q - a potion of brilliance
 r - 2 potions of berserk rage


   Skills:
 + Level 5.8 Fighting
 + Level 6.4 Long Blades
 + Level 5.6 Armour
 + Level 1.0 Dodging
 + Level 0.5 Stealth
 + Level 4.9 Shields


You had 6 spell levels left.
You didn't know any spells.
Your spell library contained the following spells:

 Spells                   Type           Power      Damage    Failure   Level
 Foxfire                  Conj/Fire      0%         2x1d4     99%         1
 Conjure Flame            Conj/Fire      0%         6-21      100%        3
 Inner Flame              Hex/Fire       0%         N/A       100%        3
 Flame Wave               Conj/Fire      0%         2d4       100%        4


Dungeon Overview and Level Annotations

Branches:
Dungeon (5/15)
 Temple: D:4-7

Altars:
Dithmenos
Nemelex Xobeh
Sif Muna

Annotations:
D:4 Eustachio


Innate Abilities, Weirdness & Mutations

You have a pair of horns on your head.
You reflexively headbutt those who attack you in melee.


Message History

a +0 leather armour; a +0 mace You barely miss Eustachio.
Eustachio is lightly wounded.
You feel very sick.
Eustachio hits you with a +1 rapier of venom.
You are more poisoned.
You closely miss Eustachio. You headbutt Eustachio!
Eustachio is moderately wounded.
You feel very sick.
Eustachio mumbles some strange words.
You slash Eustachio! You headbutt Eustachio!
Eustachio is almost dead.
You feel very sick. Eustachio hits you but does no damage.
You are more poisoned.
You closely miss Eustachio.
Eustachio is almost dead.
You feel very sick.
Eustachio hits you with a +1 rapier of venom.
You are lethally poisoned!
The ufetubus hits you.
The ufetubus hits you but does no damage.
Okay, then.
You hit Eustachio.
Eustachio is almost dead.
* * * LOW HITPOINT WARNING * * *
You feel very sick. Eustachio hits you but does no damage.
You are more poisoned.
The ufetubus hits you but does no damage.
You block the ufetubus's attack.
You closely miss Eustachio.
Eustachio is almost dead.
* * * LOW HITPOINT WARNING * * *
You feel extremely sick.
The ufetubus hits you but does no damage. x2
Eustachio hits you but does no damage. You block the ufetubus's attack.
The ufetubus barely misses you.
Eustachio hits you with a +1 rapier of venom!
You die...

######### ##.......########
#..#####........# ####..#
#......#.## ######### ......#
#.####....# #........ .###..#
#..##).<).#####.#######
.##...#####.....>[.........##
.............#..@[......#.#.#####
.....<...###.#.5@...............#
.............#.<........#.#.###.#
#.......#########...####...## #.#
#......## #...# ##.#####.#
#.#...## #...# #....[... #.#####
##.## #........ #.# #.# #######..
#.######## ##.############..


You could see Eustachio and an ufetubus (summoned).

Vanquished Creatures
  An ogre (D:3)
  A phantom (D:4)
  A gnoll shaman (D:4)
  2 orc priests (D:4)
  2 hounds (D:4)
  Natasha (thrice) (D:2)
  Terence (D:3)
  Robin (D:3)
  3 gnolls (D:4)
  5 adders
  An ufetubus (D:4)
  An adder skeleton (D:4)
  3 worms
  5 dart slugs
  9 orcs
  4 bats
  10 endoplasms
  2 giant cockroaches (D:1)
  7 hobgoblins
  4 jackals (D:1)
  7 quokkas
  5 ball pythons
  3 frilled lizards
  23 goblins
  9 kobolds
  8 rats
121 creatures vanquished.

Notes
Turn   | Place    | Note
-------+----------+-------------------------------------------
     0 | D:1      | Peloso the Minotaur Fighter began the quest for the Orb.
     0 | D:1      | Reached XP level 1. HP: 19/19 MP: 0/0
   345 | D:1      | Reached XP level 2. HP: 21/27 MP: 1/1
   598 | D:1      | Reached skill level 3 in Long Blades
   724 | D:1      | Reached XP level 3. HP: 33/33 MP: 2/2
  1311 | D:2      | Reached XP level 4. HP: 40/41 MP: 3/3
  1402 | D:2      | Found a shadowy altar of Dithmenos.
  1568 | D:2      | Noticed Natasha
  1576 | D:2      | Killed Natasha
  1577 | D:2      | Reached skill level 4 in Long Blades
  1867 | D:2      | Noticed Natasha
  1872 | D:2      | Killed Natasha
  1873 | D:2      | Reached XP level 5. HP: 47/47 MP: 4/4
  2101 | D:3      | Noticed Robin
  2117 | D:3      | HP: 2/47 [goblin/+0 club[Robin] (6)]
  2152 | D:2      | Noticed Natasha
  2426 | D:2      | Killed Natasha
  2447 | D:3      | Killed Robin
  2465 | D:3      | Found a faded altar of an unknown god.
  2841 | D:3      | Noticed Terence
  2855 | D:3      | Killed Terence
  3441 | D:3      | Noticed an ogre
  3460 | D:3      | Killed an ogre
  3461 | D:3      | Reached skill level 5 in Fighting
  3461 | D:3      | Reached skill level 5 in Long Blades
  3461 | D:3      | Reached XP level 6. HP: 30/56 MP: 5/5
  3878 | D:4      | Reached skill level 5 in Armour
  4086 | D:4      | Found a shimmering blue altar of Sif Muna.
  4097 | D:4      | Reached skill level 1 in Dodging
  4135 | D:4      | Found a sparkling altar of Nemelex Xobeh.
  4153 | D:4      | Reached skill level 6 in Long Blades
  4153 | D:4      | Reached XP level 7. HP: 47/61 MP: 6/6
  4706 | D:5      | Entered Level 5 of the Dungeon
  4706 | D:5      | Noticed Eustachio
  5403 | D:4      | Slain by Eustachio

Illustrated notes

Levels and vault maps discovered:
D:1:      minmay_arrival_loop, layout_loops_cross
D:2:      layout_loops_ring, basic_altar, dk_noncrumbling_4, uniq_natasha
D:3:      layout_basic, basic_ecumenical_altar, grunt_ministairs_1,
          minmay_misc_feat_tiny, amcnicky_mini_corridor_feature,
          hangedman_feature_mirror, minmay_ogre_servants, uniq_terence,
          uniq_robin
D:4:      layout_loops_ring, mainiacjoe_overflow_large_starburst
D:5:      layout_cave_pools, uniq_eustachio

Skill      XL: |  1  2  3  4  5  6 |
---------------+-------------------+-----
Armour         | 4 5 |  5.6
Long Blades    | 3 4 5 6 |  6.4
Fighting       | 4 5 |  5.8
Shields        | 4 |  4.9
Dodging        | 1 |  1.0
Stealth        | |  0.5

Action                   |  1- 3 |  4- 6 |  7- 9 || total
-------------------------+-------+-------+-------++-------
Melee: Long sword        |    86 |   182 |    40 ||   308
       Headbutt          |    19 |    23 |     7 ||    49
  Use: Potion            |       |     4 |       ||     4
Armor: Scale mail        |    17 |       |       ||    17
       Chain mail        |    23 |   100 |    27 ||   150
Dodge: Dodged            |    33 |    70 |    13 ||   116
Block: Buckler           |    20 |    44 |     9 ||    73
